Map: Romanticide LE

Players

Serral - Winner!

  • Race: Zerg Zerg
  • Spawn Location: 11:00

DRG

  • Race: Zerg Zerg
  • Spawn Location: 5:00

Event: ASUS ROG Online 2020

VOD

Have the link to the VOD?

Description

Time

  • Played on: Nov. 28, 2020, 12:52 p.m.
  • Length: 7:12

All games in this series

Show
View Real Time Build Order
Export as new Build Order

Serral Zerg - Winner!

Build Orders: Hatch First 

Get SALT Encoding   

  12  0:00  Drone  
  13  0:12  Overlord  
  13  0:23  Drone  
  14  0:30  Drone x2  
  16  0:48  Hatchery  
  15  0:51  Drone  
  15  0:55  Drone  
  17  0:58  Drone  
  18  1:09  Extractor  
  17  1:13  Spawning Pool  
  17  1:17  Drone  
  17  1:20  Drone  
  18  1:27  Drone  
  19  1:38  Drone  
  20  1:49  Drone  
  21  2:00  Overlord, Queen x2  
  21  2:01  Zergling x2  
  26  2:10  Metabolic Boost  
  26  2:11  Drone x2  
  28  2:21  Drone  
  28  2:22  Drone  
  30  2:33  Hatchery  
  30  2:35  Drone  
  30  2:38  Drone  
  30  2:44  Queen  
  31  2:51  Baneling Nest  
  32  2:53  Overlord  
  32  2:57  Drone  
  33  3:00  Drone  
  33  3:02  Drone  
  33  3:04  Zergling x2  
  36  3:12  Drone x4  
  40  3:17  Overlord  
  40  3:19  Zergling x2  
  41  3:22  Zergling x2  
  41  3:24  Drone  
  41  3:26  Zergling x2  
  44  3:32  Evolution Chamber  
  43  3:34  Drone  
  43  3:36  Drone  
  43  3:39  Drone x3  
  48  3:46  Drone x2  
  48  3:48  Lair  
  49  3:50  Extractor  
  49  3:53  Drone x3  
  51  4:02  Zerg Missile Weapons Level 1  
  51  4:03  Roach Warren  
  51  4:05  Drone x2  
  51  4:06  Drone  
  53  4:10  Extractor, Baneling  
  53  4:12  Overlord  
  53  4:13  Drone  
  53  4:17  Drone x2  
  55  4:20  Drone  
  55  4:21  Drone  
  57  4:26  Overlord  
  57  4:30  Overlord  
  57  4:31  Drone  
  57  4:32  Drone x2  
  57  4:33  Drone  
  57  4:34  Drone  
  57  4:35  Drone  
  57  4:37  Drone  
  64  4:39  Zergling x2  
  64  4:42  Drone  
  66  4:46  Glial Reconstitution  
  66  4:47  Overlord  
  66  4:48  Drone  
  66  4:51  Extractor, Overlord  
  66  4:52  Extractor  
  65  4:56  Drone  
  65  4:58  Roach x3  
  71  5:00  Roach  
  71  5:06  Roach x2  
  71  5:07  Roach  
  79  5:09  Overlord  
  79  5:16  Roach  
  79  5:17  Roach  
  79  5:18  Nydus Network  
  82  5:22  Roach x3  
  88  5:29  Roach x3  
  88  5:30  Roach  
  88  5:35  Roach x3  
  102  5:40  Roach x2  
  106  5:43  Overlord  
  105  5:52  Overlord  
  105  5:56  Overlord  
  105  6:02  Nydus Canal  
  105  6:03  Overlord  
  105  6:05  Roach x4  
  105  6:09  Overlord  
  105  6:10  Overlord x2  
  113  6:12  Roach x2  
  115  6:19  Nydus Canal  
  115  6:20  Roach x3  
  115  6:22  Roach  
  115  6:24  Roach  
  122  6:26  Roach  
  122  6:31  Roach  
  122  6:32  Roach x2  
  118  6:37  Nydus Canal  
  118  6:38  Roach  
  118  6:39  Roach  
  114  6:40  Roach  
  114  6:43  Roach  
  114  6:44  Roach  
  114  6:47  Roach  
  114  6:48  Roach  
  114  6:51  Roach  
  114  6:53  Nydus Canal  
Show
View Real Time Build Order
Export as new Build Order

DRG Zerg 

Build Orders: Hatch First 

Get SALT Encoding   

  12  0:00  Drone  
  13  0:12  Overlord  
  13  0:17  Drone  
  14  0:30  Drone x2  
  16  0:47  Hatchery  
  15  0:51  Drone  
  15  0:54  Drone  
  17  0:57  Drone  
  18  1:08  Extractor  
  17  1:13  Spawning Pool  
  17  1:16  Drone  
  17  1:19  Drone  
  18  1:27  Drone  
  19  1:39  Drone  
  20  1:49  Drone  
  21  1:59  Queen x2  
  21  2:00  Overlord  
  25  2:02  Drone  
  26  2:11  Drone x2  
  26  2:12  Metabolic Boost  
  28  2:21  Drone  
  28  2:22  Zergling x2  
  30  2:31  Hatchery  
  30  2:34  Drone  
  30  2:36  Drone  
  31  2:43  Queen  
  33  2:49  Overlord  
  33  2:59  Baneling Nest  
  33  3:01  Drone x2  
  33  3:03  Drone  
  33  3:04  Drone  
  36  3:07  Drone  
  36  3:08  Drone  
  36  3:10  Drone  
  39  3:14  Zergling x2  
  39  3:15  Zergling x2  
  39  3:18  Overlord  
  41  3:22  Drone  
  41  3:24  Drone  
  41  3:26  Drone  
  44  3:30  Overlord  
  44  3:36  Evolution Chamber  
  44  3:38  Drone  
  44  3:39  Drone  
  45  3:41  Zergling x4  
  45  3:43  Drone  
  45  3:45  Drone  
  49  3:48  Drone  
  49  3:52  Drone x4  
  54  3:57  Zergling x2  
  54  3:58  Overlord  
  54  4:01  Zerg Missile Weapons Level 1  
  54  4:04  Zergling x2  
  54  4:06  Drone  
  54  4:09  Roach Warren  
  55  4:11  Drone  
  55  4:14  Drone  
  55  4:15  Drone  
  59  4:17  Drone x2  
  59  4:18  Drone x2  
  59  4:21  Drone  
  63  4:24  Drone x3  
  63  4:30  Lair  
  66  4:33  Extractor  
  66  4:34  Extractor, Drone x3  
  66  4:35  Drone  
  68  4:38  Overlord  
  68  4:43  Drone x2  
  68  4:44  Baneling  
  70  4:46  Drone  
  70  4:48  Drone  
  70  4:49  Drone x2  
  70  4:52  Overlord, Extractor  
  73  4:53  Drone  
  73  4:58  Drone x5  
  73  4:59  Extractor x2, Drone  
  78  5:02  Drone  
  79  5:08  Drone  
  79  5:15  Hatchery  
  79  5:20  Zergling x8  
  82  5:24  Overlord  
  82  5:27  Zergling x12  
  87  5:30  Glial Reconstitution  
  87  5:32  Roach  
  87  5:33  Overlord x2  
  89  5:36  Overlord  
  89  5:42  Spine Crawler, Roach  
  90  5:43  Spine Crawler  
  90  5:45  Roach x3  
  90  5:49  Roach  
  96  5:53  Roach  
  96  5:56  Roach  
  101  5:57  Spire  
  101  6:00  Roach x8  
  116  6:06  Roach x2  
  120  6:15  Overlord  
  120  6:18  Roach  
  122  6:19  Overlord  
  122  6:24  Overlord x2  
  107  6:28  Roach x2  
  107  6:29  Roach x3  
  107  6:30  Roach  
  107  6:32  Roach x2  
  108  6:36  Queen x2  
  108  6:37  Roach  
  106  6:43  Roach  
  106  6:44  Roach x3  
  107  6:50  Roach  
  107  6:52  Roach x2  
Tags
 
Add a new tag
Caveats
  • Supply blocks, unpowered buildings, or Contaminate may cause inaccurate times.
  • Supply counts are checked every 10 seconds.